 Dungeon Crawl Stone Soup version 0.29-a0-962-gc8bbfd0a37 (webtiles) character file.

Game seed: 13160602474230462094

2937 funkygono the Thaumaturge (level 10, -4/69 HPs)
             Began as a Djinni Air Elementalist on July 30, 2022.
             Was an Elder of Okawaru.
             Slain by a six-headed hydra (10 damage)
             ... on level 7 of the Dungeon.
             The game lasted 00:16:32 (8536 turns).

funkygono the Thaumaturge (Djinni Air Elementalist) Turns: 8536, Time: 00:16:32

Health: -4/69      AC:  6    Str:  7    XL:     10   Next: 7%
Gold:   421        EV: 14    Int: 21    God:    Okawaru [****..] SH:  0 Dex: 20

rFire   + + +      SeeInvis .   b - +1 dagger (protect)
rCold   . . .      Faith    .   q - orb {mayhem}
rNeg    . . .      Spirit   .   s - +1 robe {rC+ rF+}
rPois   ∞          Reflect  .   e - +2 helmet
rElec   .          Harm     .   (no cloak)
rCorr   .          Rampage  .   (no gloves)
Will    +....                   (boots unavailable)
Stlth   +++.......              p - amulet of Xiexkoromi {Acrobat +Blink}
HPRegen 0.21/turn               n - +6 ring of dexterity
MPRegen 0.00/turn               o - ring of wizardry

@: flying
A: sickness immunity, fire resistance 2, cold vulnerability 1, float, innate
caster, HP casting, extra vitality 1
a: Renounce Religion, Evoke Blink, Heroism, Finesse


You were on level 7 of the Dungeon.
You worshipped Okawaru.
Okawaru was greatly pleased with you.
You visited 1 branch of the dungeon, and saw 7 of its levels.

You collected 421 gold pieces.

Inventory:

Hand Weapons
 b - a +1 dagger of protection (weapon)
 f - a +1 dagger of venom
 i - the +11 sling of the Nexus {flame, Fly rN+ Will-}
   (You found it on level 6 of the Dungeon)

   Any ammunition fired from it burns those it strikes, dealing additional fire
   damage.
   rN:        It protects you from negative energy.
   Fly:       It grants you flight.
   Will:      It decreases your willpower.
Missiles
 j - a throwing net
Armour
 a - a +1 robe
 e - a +2 helmet (worn)
 q - an orb of mayhem (worn)
 s - a +1 robe of resistance (worn)
Jewellery
 n - a +6 ring of dexterity (left hand)
 o - a ring of wizardry (right hand)
 p - the amulet of Xiexkoromi (around neck) {Acrobat +Blink}
   (You found it on level 3 of the Dungeon)

   [amulet of the acrobat]

   It increases your evasion while moving and waiting.
   +Blink:    It lets you blink.
Scrolls
 h - 5 scrolls of teleportation
 r - a scroll of fear
 u - a scroll of enchant weapon
Potions
 c - 3 potions of curing
 d - a potion of magic
 g - 2 potions of brilliance
 k - 2 potions of lignification
 l - 2 potions of attraction
 m - 2 potions of heal wounds
 t - 2 potions of might


   Skills:
 * Level 4.8 Fighting
 + Level 0.2 Short Blades
 + Level 4.0 Dodging
 + Level 3.4 Stealth
 + Level 1.0 Unarmed Combat
 + Level 9.0 Spellcasting


You had 8 spell levels left.
You knew the following spells:

 Your Spells              Type           Power      Damage    Failure   Level
a - Shock                 Conj/Air       100%       1d9       1%          1
b - Static Discharge      Conj/Air       47%        3-9/arc   1%          2
c - Swiftness             Air            47%        N/A       1%          3
d - Airstrike             Air            23%        0-8+      1%          4
e - Sandblast             Erth           94%        2d19      1%          1
f - Blink                 Tloc           94%        N/A       1%          2
g - Ozocubu's Armour      Ice            47%        N/A       1%          3
h - Mephitic Cloud        Conj/Pois/Air  47%        N/A       1%          3
Your spell library was empty.

Dungeon Overview and Level Annotations

Branches:
Dungeon (7/15)             Temple (0/1) D:5

Altars:
Ashenzari
Dithmenos
Fedhas
Hepliaklqana
Makhleb
Okawaru
Qazlal
Trog
Uskayaw
Xom
Zin


Innate Abilities, Weirdness & Mutations

You are immune to sickness and miasma.
You are immune to poison.
Your flesh is very heat resistant. (rF++)
You are vulnerable to cold. (rC-)
You float through the air rather than walking.
You learn spells naturally, not from books.
Your magical power is your life essence.
You have superior vitality. (+4 MHP)


Message History

Casting: Airstrike (dangerous; 1% risk of failure)
Confirm with . or Enter, or press ? or * to list all spells.
Aiming: Airstrike (dangerous; 1% risk of failure)
Press: ? - help, Dir - move target, f/p - six-headed hydra
Aim: a six-headed hydra (heavily wounded, empty space bonus: 6/8)
The air twists around and strikes the six-headed hydra!
The six-headed hydra is severely wounded.
Something hits you. x2
An orc warrior comes into view. It is wielding a +0 hand axe.
A slime creature comes into view.
Casting: Airstrike (dangerous; 1% risk of failure)
Confirm with . or Enter, or press ? or * to list all spells.
Aiming: Airstrike (dangerous; 1% risk of failure)
Press: ? - help, Dir - move target, f/p - six-headed hydra
Aim: a six-headed hydra (severely wounded, empty space bonus: 7/8)
The air twists around and strikes the six-headed hydra!
The six-headed hydra is almost dead.
Something hits you!
Unknown command.
Casting: Airstrike (dangerous; 1% risk of failure)
Confirm with . or Enter, or press ? or * to list all spells.
The bullfrog is struck by an arc of lightning!
The bullfrog is heavily wounded.
You are struck by an arc of lightning.
* * * LOW HITPOINT WARNING * * *
The six-headed hydra is struck by an arc of lightning!
The six-headed hydra is almost dead.
The bullfrog is struck by an arc of lightning!
The bullfrog is almost dead.
You are struck by an arc of lightning.
* * * LOW HITPOINT WARNING * * *
The lightning grounds out.
* * * LOW HITPOINT WARNING * * *
The bullfrog closely misses you. Something hits you.
* * * LOW HITPOINT WARNING * * *
The six-headed hydra closely misses you.
The six-headed hydra bites you.
* * * LOW HITPOINT WARNING * * *
The six-headed hydra bites you!
You die...

# #.# ##.........#
#######.# ##..###'###..#
........####..##.....##
##...........##.......##
#..###+###..##.........##
.. ##.#...........#
###...........#
..#............'.#
#......@.......#.#
##.....DF......#.#
....#).)......## # ...
##.s)....## #. ##)....##
. .W..### J..## o##.


You could see a six-headed hydra, a slime creature, an orc warrior, a shadow, a
bullfrog and a scorpion.

Vanquished Creatures
  Pikel (D:5)
  Sigmund (D:5)
  Eustachio (D:4)
  A steam dragon (D:5)
  Edmund (D:4)
  3 water moccasins
  A black bear (D:6)
  An ice beast (D:5)
  2 centaurs
  A lemure (D:5)
  2 ogres
  A phantom (D:4)
  A kobold brigand (D:6)
  2 bullfrogs
  A necrophage (D:7)
  3 scorpions
  The ghost of eyesofgods1 the Chopper, a weakling DsGl (D:3)
  5 hounds
  5 iguanas
  2 orc wizards
  8 gnolls
  8 adders
  4 shadow imps
  An ufetubus (D:6)
  A dart slug (D:1)
  14 orcs
  7 endoplasms
  2 giant cockroaches
  7 goblins
  3 hobgoblins
  5 jackals
  10 kobolds
  3 quokkas
  5 ball pythons
  2 bats
  A frilled lizard (D:3)
  5 rats
122 creatures vanquished.

Vanquished Creatures (collateral kills)
  A jackal (D:5)
1 creature vanquished.

Vanquished Creatures (others)
  A fungus (D:3)
  10 plants (D:1)
11 creatures vanquished.

Grand Total: 134 creatures vanquished

Notes
Turn   | Place    | Note
-------+----------+-------------------------------------------
     0 | D:1      | funkygono the Djinni Air Elementalist began the quest for
                  | the Orb.
     0 | D:1      | funkygono set off with the following spells memorised:
                  | Shock, Static Discharge, Swiftness, Airstrike.
     0 | D:1      | Reached XP level 1. HP: 15/15 MP: 0/0
   352 | D:1      | Reached XP level 2. HP: 16/21 MP: 0/0
   839 | D:1      | Reached skill level 3 in Spellcasting
   970 | D:1      | Reached XP level 3. HP: 24/25 MP: 0/0
   970 | D:1      | Learned a level 1 spell: Sandblast
  2027 | D:2      | Reached XP level 4. HP: 25/31 MP: 0/0
  2332 | D:2      | Found a faded altar of an unknown god.
  2446 | D:3      | Found a large runed translucent door.
  2446 | D:3      | Found a large runed translucent door.
  2449 | D:3      | Noticed eyesofgods1's ghost (weakling DsGl)
  2825 | D:3      | Reached XP level 5. HP: 17/35 MP: 0/0
  2825 | D:3      | Learned a level 2 spell: Blink
  3008 | D:3      | Reached skill level 4 in Spellcasting
  3112 | D:3      | Identified the amulet of Xiexkoromi {Acrobat +Blink}
  3177 | D:3      | Found an iron altar of Okawaru.
  3263 | D:3      | Found a hide-covered altar of Uskayaw.
  3264 | D:3      | Found a bloodstained altar of Trog.
  3446 | D:3      | Killed eyesofgods1's ghost
  3665 | D:3      | Became a worshipper of Warmaster Okawaru
  3739 | D:4      | Noticed an ogre
  3747 | D:4      | Killed an ogre
  3747 | D:4      | Noticed a bullfrog
  3748 | D:4      | Reached XP level 6. HP: 28/41 MP: 0/0
  3940 | D:4      | Reached skill level 1 in Unarmed Combat
  3940 | D:4      | Reached skill level 5 in Spellcasting
  4108 | D:4      | Reached XP level 7. HP: 40/46 MP: 0/0
  4108 | D:4      | Learned a level 3 spell: Ozocubu's Armour
  4255 | D:4      | Noticed Edmund
  4265 | D:4      | Killed Edmund
  4265 | D:4      | Reached * piety under Okawaru
  4471 | D:4      | Noticed Eustachio
  4483 | D:4      | Killed Eustachio
  4637 | D:4      | Reached skill level 6 in Spellcasting
  4854 | D:4      | Reached XP level 8. HP: 38/51 MP: 0/0
  5085 | D:5      | Entered Level 5 of the Dungeon
  5102 | D:5      | Reached skill level 1 in Fighting
  5269 | D:5      | Reached ** piety under Okawaru
  5584 | D:5      | Found a glowing silver altar of Zin.
  5713 | D:5      | Noticed Pikel
  5721 | D:5      | Killed Pikel
  5722 | D:5      | Reached skill level 7 in Spellcasting
  5722 | D:5      | Reached XP level 9. HP: 40/60 MP: 0/0
  5722 | D:5      | Learned a level 3 spell: Mephitic Cloud
  5877 | D:5      | Noticed Sigmund
  6017 | D:5      | Reached *** piety under Okawaru
  6087 | D:5      | Found a staircase to the Ecumenical Temple.
  6114 | D:5      | Killed Sigmund
  6115 | D:5      | Reached skill level 8 in Spellcasting
  6288 | D:5      | Found a hazy altar of Hepliaklqana.
  7085 | D:6      | Identified the +11 sling of the Nexus {flame, Fly rN+
                  | Will-}
  7090 | D:6      | Found a broken altar of Ashenzari.
  7310 | D:6      | Found a stormy altar of Qazlal.
  7706 | D:6      | Found a shadowy altar of Dithmenos.
  7708 | D:6      | Found a hide-covered altar of Uskayaw.
  7708 | D:6      | Found a shimmering altar of Xom.
  7708 | D:6      | Found a burning altar of Makhleb.
  7736 | D:6      | Found a blossoming altar of Fedhas.
  7901 | D:6      | Reached XP level 10. HP: 58/69 MP: 0/0
  8292 | D:7      | Reached **** piety under Okawaru
  8452 | D:7      | Reached skill level 9 in Spellcasting
  8526 | D:7      | Identified the +7 hand axe of Pyirphys {freeze, rF+ Str+2}
  8530 | D:7      | Noticed a six-headed hydra
  8536 | D:7      | Slain by a six-headed hydra

Illustrated notes

Levels and vault maps discovered:
D:1:      nagdon_arrival_zigzag_paths, layout_loops_ring
D:2:      layout_rooms, shapermc_ecumenical_altar_mp_vishouse
D:3:      layout_loops_ring, mainiacjoe_overflow_alcove_4,
          gammafunk_temple_overflow_wave, ebering_ghost_disaster_area
D:4:      layout_loops_cross, minmay_misc_feat_more_columns, uniq_edmund,
          uniq_eustachio
D:5:      layout_loops_ring, mainiacjoe_overflow_small_starburst, zin_treasury,
          minmay_temple_entry_mist, uniq_sigmund, uniq_pikel
D:6:      layout_basic, doesnt_xom_only_xom,
          mainiacjoe_overflow_large_starburst, grunt_qazlal_sundering,
          mainiacjoe_overflow_24_doors, serial_curves, eino_curves_02,
          eino_curves_04
D:7:      minmay_the_grid_octo_triangle [minmay_the_grid_octo_empty,
          minmay_the_grid_octo_prize_ultimate_mussel_roller,
          minmay_the_grid_octo_pinwheel], layout_basic, vehumet_crystals,
          minmay_misc_feat_diagonals

Skill      XL: |  1  2  3  4  5  6  7  8  9 10 |
---------------+-------------------------------+-----
Spellcasting   | 3 4 5 6 7 8 9 |  9.0
Stealth        | 2 3 |  3.4
Unarmed Combat | 1 |  1.0
Fighting       | 3 4 |  4.8
Dodging        | 3 4 |  4.0
Short Blades   | |  0.2

Action                   |  1- 3 |  4- 6 |  7- 9 | 10-12 || total
-------------------------+-------+-------+-------+-------++-------
Melee: Unarmed           |     9 |       |       |       ||     9
       Dagger            |    24 |    13 |    16 |       ||    53
 Cast: Shock             |    44 |    56 |   130 |    17 ||   247
       Static Discharge  |     4 |     7 |    31 |     2 ||    44
       Airstrike         |       |       |    12 |     6 ||    18
       Swiftness         |       |       |     2 |       ||     2
       Mephitic Cloud    |       |       |     1 |     1 ||     2
 Abil: Evoke Blink       |       |       |     1 |       ||     1
  Use: Scroll            |       |    11 |     7 |     2 ||    20
Armor: Robe              |       |     4 |    12 |     3 ||    19
Dodge: Dodged            |    13 |    10 |    41 |     9 ||    73

Table legend: (Time is in decaauts)
 A = Elapsed time spent in this place.
 B = Non-inter-level travel time spent in this place.
 C = Inter-level travel time spent in this place.
 D = Time resting spent in this place.
 E = Time spent auto-exploring this place.
 F = Levels seen in this place.
 G = Mean time per level.
                   A        B        C        D        E       F      G
               +--------+--------+--------+--------+--------+-----+--------+
         Total |   8535 |   8324 |    211 |    198 |   7068 |   7 | 1219.3 |
       Dungeon |   8535 |   8324 |    211 |    198 |   7068 |   7 | 1219.3 |
               +--------+--------+--------+--------+--------+-----+--------+

Top non-repeatable levels by time:
     D:4: 1744 daAuts
     D:1: 1492 daAuts
     D:5: 1426 daAuts
     D:6: 1387 daAuts
     D:3: 1234 daAuts
     D:2: 964 daAuts
     D:7: 285 daAuts
